 Dungeon Crawl Stone Soup version 0.31.0-9-g3a7656b989 (webtiles) character file.

Game seed: 11731668294300044703

67 qw the Shooter (level 4, -5/25 HPs)
             Began as a Deep Elf Hunter on Feb 2, 2024.
             Slain by a kobold
             ... wielding a +3 vampiric short sword
              (6 damage)
             ... on level 2 of the Dungeon.
             The game lasted 00:00:03 (816 turns).

qw the Shooter (Deep Elf Hunter)                     Turns: 816, Time: 00:00:04

Health: -5/25      AC:  7    Str: 10    XL:     4   Next: 0%
Magic:  6/6        EV:  9    Int: 17    God:
Gold:   32         SH:  5    Dex: 18    Spells: 3/3 levels left

rFire   . . .        a - +0 shortbow
rCold   . . .        (shield currently unavailable)
rNeg    . . .        h - +0 scale mail
rPois   .            f - +0 helmet {Int+3}
rElec   .            (no cloak)
rCorr   .            (no gloves)
SInv    .            (no boots)
Will    .....        i - amulet of reflection
Stlth   +            (no ring)
HPRegen 0.24/turn    (no ring)
MPRegen 0.10/turn

%: reflection
@: lethally poisoned (-5 -> -8)
A: no striking features
a: no special abilities


You were on level 2 of the Dungeon.
You visited 1 branch of the dungeon, and saw 2 of its levels.

You collected 32 gold pieces.


   Skills:
 - Level 1.5 Fighting
 + Level 7.4 Ranged Weapons
 - Level 2.4 Dodging
 - Level 1.2 Stealth


You had 3 spell levels left.
You didn't know any spells.
Your spell library was empty.

Inventory:

Hand Weapons
 a - a +0 shortbow (weapon)
Armour
 f - a +0 helmet of intelligence (worn)
 h - a +0 scale mail (worn)
Jewellery
 i - an amulet of reflection (around neck)
Scrolls
 c - a scroll of revelation {unknown}
Potions
 b - 3 potions of curing {unknown}
 d - a potion of brilliance {unknown}
 e - 2 potions of might
 g - a potion of resistance {unknown}
 j - a potion of mutation {unknown}

Dungeon Overview and Level Annotations

Branches:
Dungeon (2/15)

Altars:


Message History

You have reached level 4!
You feel clever.
There is a stone staircase leading down here.
A kobold comes into view.
It is wielding a +3 vampiric short sword.
You shoot an arrow. The arrow barely misses the kobold.
You hear an angry hiss.
An adder comes into view.
The kobold hits you with a +3 vampiric short sword.
A frilled lizard comes into view.
The kobold hits you with a +3 vampiric short sword.
You shoot an arrow.
The arrow hits the kobold but does no damage.
You block the kobold's attack. The adder bites you.
You shoot an arrow. The arrow barely misses the adder.
The kobold hits you but does no damage. The adder bites you but does no damage.
You shoot an arrow. The arrow hits the adder!
The adder is severely wounded.
You block the adder's attack.
The kobold hits you with a +3 vampiric short sword.
The adder bites you but does no damage. The kobold hits you but does no damage.
You shoot an arrow. The arrow barely misses the adder.
The adder bites you.
You are poisoned.
The adder poisons you! The kobold hits you but does no damage.
You block the adder's attack.
You shoot an arrow.
The arrow hits the adder but does no damage.
The adder is severely wounded.
You feel sick. The adder barely misses you.
The kobold hits you with a +3 vampiric short sword.
The adder bites you.
You are more poisoned.
The adder poisons you!
The kobold hits you with a +3 vampiric short sword.
You shoot an arrow. The arrow closely misses the adder.
You feel sick. The adder bites you. The kobold barely misses you.
You shoot an arrow. The arrow hits the adder!
You kill the adder!
You feel sick.
The kobold hits you with a +3 vampiric short sword.
You die...

## # .. #. .# ## #.#
#.# #..# #..# #..# #..#
#..###%.# #..#@K#
#..... .# #...#l#
#..#.###.##
##.######...........
####>..............###
#.....................
#.##.........#........
##.##.........#)...####
#..##.......#<.gg#..#..
#.################..#..


You could see a kobold and a frilled lizard.

Vanquished Creatures
  3 gnolls (D:2)
  2 adders (D:2)
  4 ball pythons
  4 endoplasms (D:1)
  3 goblins (D:1)
  2 hobgoblins
  4 bats
  2 frilled lizards
  5 kobolds
  2 rats
31 creatures vanquished.

Notes
Turn   | Place    | Note
-------+----------+-------------------------------------------
     0 | D:1      | qw the Deep Elf Hunter began the quest for the Orb.
     0 | D:1      | Reached XP level 1. HP: 12/12 MP: 3/3
     0 | D:1      | 0 ||| qw: Version: 0.3-a-155-g5e7d8dd
     0 | D:1      | 0 ||| qw: Game counter: 1845
     0 | D:1      | 0 ||| qw: Melee chars always use a shield: true
     0 | D:1      | 0 ||| qw: God list: Okawaru
     0 | D:1      | 0 ||| qw: Allow faded altars: false
     0 | D:1      | 0 ||| qw: Do Orc after clearing Dungeon:15 true
     0 | D:1      | 0 ||| qw: Do second Lair branch before Depths: true
     0 | D:1      | 0 ||| qw: Lair rune preference: random
     0 | D:1      | 0 ||| qw: Goals: Normal
     0 | D:1      | 0 ||| PLANNING D:1-11
   159 | D:1      | Reached XP level 2. HP: 16/16 MP: 4/4
   198 | D:1      | Reached skill level 6 in Ranged Weapons
   550 | D:1      | 550 ||| UPGRADING to +0 helmet of intelligence.
   555 | D:1      | 555 ||| UPGRADING to +0 scale mail.
   565 | D:1      | 565 ||| DROPPING +0 leather armour.
   566 | D:1      | 566 ||| UPGRADING to amulet of reflection.
   571 | D:1      | 571 ||| READING 2 scrolls labelled BIKHLU VU QEMM.
   575 | D:1      | 575 ||| READING scroll labelled EDOSYESOTE.
   576 | D:1      | 576 ||| READING 2 scrolls labelled XAPEQU QUOSH.
   576 | D:1      | 576 ||| IDENTIFYING dark potion
   577 | D:1      | 577 ||| READING scroll of identify.
   577 | D:1      | 577 ||| IDENTIFYING 2 brown potions
   578 | D:1      | 578 ||| DROPPING scroll of butterflies.
   596 | D:2      | 596 ||| RETREEEEATING.
   602 | D:2      | Reached XP level 3. HP: 18/20 MP: 5/5
   602 | D:2      | HP: 4/20 [gnoll/+0 spear (5)]
   603 | D:2      | 603 ||| READING scroll of teleportation.
   604 | D:2      | 604 ||| DRINKING potion of heal wounds.
   611 | D:2      | Reached skill level 7 in Ranged Weapons
   804 | D:2      | Reached XP level 4. HP: 25/25 MP: 6/6
   815 | D:2      | HP: 5/25 [poisoned by an adder]
   816 | D:2      | HP: 1/25 [poisoned by an adder]
   816 | D:2      | Slain by a kobold

Levels and vault maps discovered:
D:1:      eino_arrival_water_star, layout_loops_cross
D:2:      minmay_diamond_boxcup, layout_basic, basic_altar,
          kennysheep_generic_room_5

Skill      XL: |  1  2  3 |
---------------+----------+-----
Ranged Weapons | 6 7 |  7.4
Fighting       | |  1.5
Dodging        | |  2.4
Stealth        | |  1.2

Action                     |  1- 3 |  4- 6 || total
---------------------------+-------+-------++-------
   Fire: Shortbow          |    76 |     8 ||    84
    Use: Scroll            |     5 |       ||     5
         Potion            |     1 |       ||     1
 Armour: Scale mail        |    29 |    15 ||    44
         Leather armour    |     1 |       ||     1
  Dodge: Dodged            |    17 |     2 ||    19
  Block: Other             |     5 |     3 ||     8

Table legend:
 A = Non-vault XP
 B = Vault XP
 C = Vault XP percentage of total XP
 D = Non-vault monster count
 E = Vault monster count
 F = Vault count percentage of total count
                 A         B        C        D         E       F
            +---------+---------+-------+---------+---------+-------
      Total |      82 |      28 |  25.5 |      28 |       3 |   9.7
            +---------+---------+-------+---------+---------+-------
        D:1 |      31 |       0 |   0.0 |      20 |       0 |   0.0
        D:2 |      51 |      28 |  35.4 |       8 |       3 |  27.3
            +---------+---------+-------+---------+---------+-------
